 Seeded DCSS version 0.29.1-12-g30fa7ad0bf (webtiles) character file.

Game seed: 9845822215292249863 (custom seed)

175 hikkokomori the Conjurer (level 5, 0/31 HPs)
             Began as an Octopode Conjurer on Jan 8, 2023.
             Killed by divine providence
             ... invoked by an orc priest
              (11 damage)
             ... on level 4 of the Dungeon.
             The game lasted 00:04:44 (3467 turns).

hikkokomori the Conjurer (Octopode Conjurer)        Turns: 3467, Time: 00:04:47

Health: 0/31       AC:  1    Str:  7    XL:     5   Next: 55%
Magic:  14/19      EV: 13    Int: 22    God:
Gold:   1115       SH:  0    Dex: 10    Spells: 2/10 levels left

rFire   x . .      SeeInvis .   d - staff of conjuration
rCold   . . .      Faith    .   (no shield)
rNeg    + . .      Spirit   .   (helmet restricted)
rPois   +          Reflect  .   v - amulet of magic regeneration
rElec   .          Harm     .   j - ring of Toutonwa {rPois rF- rN+ MP+9}
rCorr   .          Rampage  .   e - ring of willpower
Will    +....                   (no ring)
Stlth   +++.......              (no ring)
HPRegen 0.10/turn               (no ring)
MPRegen 0.56/turn               (no ring)
                                (no ring)
                                (no ring)

@: lethally poisoned (0 -> -3), very slightly contaminated
A: almost no armour, amphibious, 8 rings, camouflage 1, gelatinous body 1,
(nimble swimmer 1), tentacles
a: no special abilities


You were on level 4 of the Dungeon.
You visited 1 branch of the dungeon, and saw 4 of its levels.

You collected 1115 gold pieces.

Inventory:

Armour
 o - a +0 buckler of fire resistance
Magical Staves
 d - a staff of conjuration (weapon)
Jewellery
 e - a ring of willpower (right tentacle)
 f - an amulet of the acrobat
 j - the ring of Toutonwa (left tentacle) {rPois rF- rN+ MP+9}
   (You acquired it on level 2 of the Dungeon)

   [ring of magical power]

   rF:        It makes you vulnerable to fire.
   rPois:     It protects you from poison.
   rN:        It protects you from negative energy.
   MP:        It affects your magic capacity (+9).
 v - an amulet of magic regeneration (around mantle)
Scrolls
 b - 2 scrolls of teleportation {unknown}
 c - 2 scrolls of identify {unknown}
 g - a scroll of amnesia {unknown}
 k - a scroll of blinking {unknown}
 n - 2 scrolls of poison {unknown}
 q - 2 scrolls of butterflies {unknown}
 r - 2 scrolls of enchant weapon {unknown}
 s - a scroll of fear {unknown}
 t - a scroll of noise {unknown}
Potions
 a - 2 potions of magic
 h - 2 potions of curing {unknown}
 i - 3 potions of heal wounds {unknown}
 l - 2 potions of brilliance {unknown}
 m - a potion of ambrosia {unknown}
 p - a potion of might {unknown}
 u - a potion of lignification {unknown}


   Skills:
 - Level 2.5 Dodging
 - Level 3.4 Stealth
 + Level 3.4 Spellcasting
 - Level 4.3 Conjurations
 - Level 1.0 Transmutations
 + Level 3.0 Poison Magic


You had 2 spell levels left.
You knew the following spells:

 Your Spells              Type           Power      Damage    Failure   Level
a - Magic Dart            Conj           100%       1d8       1%          1
b - Ignite Poison         Fire/Tmut/Pois 9%         N/A       21%         3
c - Olgreb's Toxic Radia  Pois           17%        N/A       32%         4

Your spell library contained the following spells:

 Spells                   Type           Power      Damage    Failure   Level
 Searing Ray              Conj           68%        2d6       3%          2
 Poisonous Vapours        Pois/Air       20%        N/A       10%         2
 Necrotise                Necr           12%        1d4       12%         1
 Dazzling Flash           Conj/Hex       38%        N/A       14%         3
 Gell's Gravitas          Tloc           3%         N/A       34%         3
 Lesser Beckoning         Tloc           3%         N/A       34%         3
 Teleport Other           Tloc           3%         N/A       34%         3
 Fulminant Prism          Conj/Hex       9%         3d7       43%         4
 Iskenderun's Mystic Bla  Conj/Tloc      19%        2d6       43%         4
 Dispel Undead            Necr           3%         3d7       75%         4
 Alistair's Intoxication  Tmut/Pois      8%         N/A       80%         5


Dungeon Overview and Level Annotations

Branches:
Dungeon (4/15)
 Temple: D:4-7

Altars:


Innate Abilities, Weirdness & Mutations

You cannot wear most types of armour.
You are amphibious.
You can wear up to eight rings at the same time.
Your skin changes colour to match your surroundings (Stealth+).
Your rubbery body absorbs attacks. (AC +1, EV +1)
((You are camouflaged when in or above water. (Stealth+)))
You have tentacles for arms and can constrict up to eight enemies at once.


Message History

An orc priest comes into view. It is wielding a +0 hand axe.
There are monsters nearby!
You feel a surge of power!
The magic dart hits the orc.
You kill the orc!
The orc priest shouts!
You feel a surge of power!
The magic dart hits the orc priest.
The orc priest is lightly wounded.
An orc priest is nearby!
You feel a surge of power!
The magic dart hits the orc priest but does no damage.
The orc priest is lightly wounded.
An orc wizard comes into view. It is wielding a +0 dagger.
You feel a surge of power!
The magic dart hits the orc wizard.
The orc wizard is moderately wounded.
The orc wizard shouts!
You feel a surge of power!
The magic dart hits the orc wizard.
The orc wizard is heavily wounded.
An orc comes into view. It is wielding a +0 dagger.
The orc priest mumbles some strange prayers to Beogh against you.
Beogh smites you!
Ouch! That really hurt!
You are too injured to fight recklessly!
Unknown command.
The orc wizard gestures wildly while chanting.
The orc wizard flickers and vanishes!
Deactivating autopickup; reactivate with Ctrl-A.
Casting: Magic Dart (safe; 1% risk of failure)
Confirm with . or Enter, or press ? or * to list all spells.
Okay, then.
Casting: Magic Dart (safe; 1% risk of failure)
Confirm with . or Enter, or press ? or * to list all spells.
The spell is extremely dangerous to miscast (32% risk of failure)!
Continue anyway?
You miscast Olgreb's Toxic Radiance.
You are very lightly contaminated with residual magic.
You feel incredibly sick.
You are poisoned.
You resist.
You feel sick.
The orc priest mumbles some strange prayers to Beogh against you.
Beogh smites you!
You die...

.##.#.. ....###....
..)#.# ........... ..#.#
#.†.##.###<...
..o###...##.# #.... ...
))). #.# ###.# ####.#
#).# #.# #.# #...o# #..#
#.## #.# #..#.# #.†#
#..## #.#
...#..#@###..###...###.#
#.............).......#
...#†.......####...#####
....###.##### ##.## ###
#.# #.# #.# #.# #.# #.#
#.# #.# #.# #.#


You could see an orc priest and an orc.

Vanquished Creatures
  An iguana (D:3)
  Natasha (D:3)
  4 adders
  A gnoll (D:1)
  A worm (D:2)
  2 dart slugs (D:1)
  7 orcs
  6 ball pythons
  6 endoplasms
  3 giant cockroaches
  2 goblins (D:1)
  4 hobgoblins
  6 kobolds
  4 quokkas
  9 bats
  4 frilled lizards
  5 rats
66 creatures vanquished.

Notes
Turn   | Place    | Note
-------+----------+-------------------------------------------
     0 | D:1      | hikkokomori the Octopode Conjurer began the quest for the
                  | Orb.
     0 | D:1      | Reached XP level 1. HP: 11/11 MP: 3/3
   145 | D:1      | Reached XP level 2. HP: 9/17 MP: 0/5
   606 | D:1      | Reached XP level 3. HP: 18/21 MP: 0/6
  1246 | D:2      | Identified 3 scrolls of acquirement
  1246 | D:2      | Acquired the ring of Toutonwa {rPois rF- rN+ MP+9}
  1248 | D:2      | Acquired 950 gold pieces
  1249 | D:2      | Acquired the Spellbook of Filth and Dark Deeds
  1259 | D:1      | Learned a level 3 spell: Ignite Poison
  1469 | D:2      | Found a faded altar of an unknown god.
  1631 | D:2      | Reached skill level 1 in Poison Magic
  1631 | D:2      | Reached XP level 4. HP: 27/27 MP: 7/7
  1877 | D:2      | Reached skill level 1 in Transmutations
  2329 | D:2      | Learned a level 4 spell: Olgreb's Toxic Radiance
  2637 | D:3      | Reached XP level 5. HP: 31/31 MP: 9/9
  2883 | D:3      | Noticed Natasha
  2889 | D:3      | Killed Natasha
  2995 | D:3      | Found the +4 robe of Augmentation {Str+4 Int+4 Dex+4}
  3467 | D:4      | Killed from afar by an orc priest

Illustrated notes

Levels and vault maps discovered:
D:1:      giann_bridges, layout_basic
D:2:      layout_loops_cross, ebering_ecumenical_altar_hall
D:3:      layout_basic, uniq_natasha
D:4:      layout_loops_ring, lemuel_temple_firewalk_a, uniq_pikel,
          uniq_eustachio, uniq_menkaure

Skill      XL: |  1  2  3  4  5 |
---------------+----------------+-----
Stealth        | 3 |  3.4
Poison Magic   | 1 2 3 |  3.0
Transmutations | 1 |  1.0
Spellcasting   | 3 |  3.4
Dodging        | |  2.5
Conjurations   | |  4.3

Action                   |  1- 3 |  4- 6 || total
-------------------------+-------+-------++-------
Melee: Unarmed           |     6 |       ||     6
       Constrict         |     4 |       ||     4
       Tentacles         |     3 |       ||     3
 Cast: Magic Dart        |    59 |    94 ||   153
  Use: Scroll            |     3 |       ||     3
Armor: Skin              |     1 |     1 ||     2
Dodge: Dodged            |    11 |     6 ||    17
